 Dungeon Crawl Stone Soup version 0.31-a0-702-gf82c85558f (webtiles) character file.

Game seed: 16894311280804967250

37 shhh the Trooper (level 3, -3/29 HPs)
             Began as a Demonspawn Monk on Sept 7, 2023.
             Slain by a gnoll
             ... wielding a +0 halberd
              (8 damage)
             ... on level 2 of the Dungeon on Sept 8, 2023.
             The game lasted 00:04:15 (562 turns).

shhh the Trooper (Demonspawn Monk)                   Turns: 562, Time: 00:04:16

Health: -3/29      AC:  4    Str: 11    XL:     3   Next: 21%
Magic:  3/3        EV: 13    Int: 14    God:
Gold:   31         SH:  4    Dex: 17    Spells: 2/2 levels left

rFire   . .          .
                       - Unarmed
rCold   . . .        c - orb {light}
rNeg    . . .        a - +0 robe
rPois   .            d - +1 helmet {Int+3}
rElec   .            (no cloak)
rCorr   .            (no gloves)
SInv    .            (no boots)
Will    .....        (no amulet)
Stlth   +            (no ring)
HPRegen 0.24/turn    (no ring)
MPRegen 0.08/turn

%: no passive effects
@: glowing
A: condensation shield
a: no special abilities


You were on level 2 of the Dungeon.
You visited 1 branch of the dungeon, and saw 2 of its levels.

You collected 31 gold pieces.

Inventory:

Armour
 a - a +0 robe (worn)
 c - an orb of light (worn)
 d - a +1 helmet of intelligence (worn)
Scrolls
 b - 2 scrolls of teleportation {unknown}
 e - a scroll of enchant armour {unknown}


   Skills:
 + Level 3.4 Fighting
 + Level 3.1 Dodging
 + Level 3.3 Unarmed Combat


You had 2 spell levels left.
You didn't know any spells.
Your spell library was empty.

Dungeon Overview and Level Annotations

Branches:
Dungeon (2/15)

Altars:


Innate Abilities, Weirdness & Mutations

A meltable shield of frost defends you. (SH +4)


Message History

You feel agile. x2
The gnoll attacks as it pursues you!
The gnoll hits you from afar with a +0 spear.
* * * LOW HITPOINT WARNING * * *
There is a stone staircase leading up here.
You see here 6 gold pieces.
A gnoll is nearby!
The gnoll misses you.
Found a glowing green potion and 6 gold pieces.
Found a hand axe.
Found 4 poisoned darts.
Things that are here:
a +0 spear; a gnoll corpse You see here a +0 club.
A gnoll is nearby!
There is a stone staircase leading up here.
Found a ring mail.
The gnoll closely misses you.
You barely miss the gnoll. You hit the gnoll.
The gnoll is lightly wounded.
You block the gnoll's attack. x2
You hit the gnoll.
The gnoll is moderately wounded.
The gnoll hits you but does no damage. The gnoll barely misses you.
You hit the gnoll.
The gnoll is moderately wounded.
The gnoll misses you.
The gnoll hits you from afar with a +0 halberd.
* * * LOW HITPOINT WARNING * * *
You hit the gnoll.
The gnoll is severely wounded.
The gnoll hits you with a +0 spear.
* * * LOW HITPOINT WARNING * * *
You block the gnoll's attack.
You hit the gnoll.
The gnoll is almost dead.
The gnoll completely misses you.
The gnoll hits you from afar with a +0 halberd!
You die...

####. .....##
.$....##############
#....)g...<.#....#
##..#######.$....#
..##..########.....#
!..............g...#
..##..#########.g..#
( #..# #.@..# $...#
#....# .##..# #....#
. #... #......# ..).
........# #..
..........#
..[........#
............#
.............#


You could see 2 gnolls.

Vanquished Creatures
  2 gnolls (D:2)
  3 bats (D:1)
  An endoplasm (D:1)
  2 goblins (D:1)
  A hobgoblin (D:1)
  A quokka (D:1)
  A ball python (D:1)
  A frilled lizard (D:1)
  3 kobolds (D:1)
  3 rats (D:1)
18 creatures vanquished.

Notes
Turn   | Place    | Note
-------+----------+-------------------------------------------
     0 | D:1      | shhh the Demonspawn Monk began the quest for the Orb.
     0 | D:1      | Reached XP level 1. HP: 18/18 MP: 1/1
   114 | D:1      | Gained mutation: A meltable shield of frost defends you.
                  | (SH +4) [demonic ancestry]
   114 | D:1      | Reached XP level 2. HP: 19/24 MP: 2/2
   114 | D:1      | Upgraded the game from 0.31-a0-692-gf03d1854d5 to
                  | 0.31-a0-702-gf82c85558f
   526 | D:2      | Reached XP level 3. HP: 5/29 MP: 3/3
   562 | D:2      | Slain by a gnoll

Illustrated notes

Levels and vault maps discovered:
D:1:      dpeg_arrival_short_road, layout_rooms, amcnicky_mini_pool_small
D:2:      layout_rooms, ebering_ecumenical_altar_box

Skill      XL: |  1  2 |
---------------+-------+-----
Unarmed Combat | 3 |  3.3
Dodging        | 3 |  3.1
Fighting       | |  3.4

Action                     || total
---------------------------++-------
  Melee: Unarmed           ||    53
    Use: Potion            ||     1
 Armour: Robe              ||    44
  Dodge: Dodged            ||    46
  Block: Orb               ||    10

Table legend: (Time is in decaauts)
 A = Elapsed time spent in this place.
 B = Non-inter-level travel time spent in this place.
 C = Inter-level travel time spent in this place.
 D = Time resting spent in this place.
 E = Time spent auto-exploring this place.
 F = Levels seen in this place.
 G = Mean time per level.
                   A        B        C        D        E       F      G
               +--------+--------+--------+--------+--------+-----+--------+
         Total |    558 |    442 |    116 |      0 |    273 |   2 |  279.0 |
       Dungeon |    558 |    442 |    116 |      0 |    273 |   2 |  279.0 |
               +--------+--------+--------+--------+--------+-----+--------+

Top non-repeatable levels by time:
     D:1: 506 daAuts
     D:2: 52 daAuts
